 Dungeon Sprint DCSS version 0.16.2-12-gd0ad4c3 (webtiles) character file.

3497 mopl the Unseen (level 9, -4/53 HPs)
             Began as a Spriggan Assassin on Aug 21, 2016.
             Was a Priest of Trog.
             Slain by a demonic crawler (11 damage)
             ... in the Dungeon (Sprint I: "Red Sonja").
             The game lasted 00:04:12 (1189 turns).

mopl the Unseen (Spriggan Assassin)                 Turns: 1189, Time: 00:04:12

Health: -4/53      AC:  5    Str:  7    XL:     9   Next: 80%
Magic:  18/18      EV: 17    Int: 12    God:    Trog [***...]
Gold:   502        SH:  0    Dex: 21    Spells: 0 memorised, 8 levels left

rFire  . . .     SeeInvis +     a - +2 dagger
rCold  . . .     Clarity  .     o - +2 robe {MR+}
rNeg   . . .     SustAb   .     (shield restricted)
rPois  .         Gourm    .     (helmet restricted)
rElec  .         Spirit   .     d - +0 cloak
rCorr  .         Warding  .     (gloves unavailable)
rMut   .         NoTele   +     (boots unavailable)
MR     ++...                    (no amulet)
Stlth  ++++++++..               (no ring)
                                (no ring)

@: very quick, very resistant to hostile enchantments, extraordinarily stealthy
A: unfitting armour, see invisible, herbivore 3, speed 3, slow metabolism 2
a: Burn Spellbooks, Berserk, Trog's Hand, Renounce Religion


You were in the Dungeon.
You worshipped Trog.
Trog was most pleased with you.
You were not hungry.

You visited 1 branch You collected 766 gold pieces.
You spent 264 gold pieces at shops.

Inventory:

Hand weapons
 a - a +2 dagger (weapon)
 b - a +0 blowgun
Missiles
 e - 8 poisoned needles
 f - 5 curare-tipped needles
 g - 6 poisoned tomahawks (quivered)
Armour
 d - a +0 cloak (worn)
 o - a +2 robe of magic resistance (worn)
Scrolls
 c - a scroll of identify {unknown}
 m - 2 scrolls of blinking
 p - a scroll of remove curse
 r - a scroll of immolation
Potions
 h - 3 potions of curing
 i - a potion of heal wounds
 j - a potion of haste
 k - 2 potions of magic
 l - a potion of berserk rage
 n - a potion of resistance {unknown}
 q - 2 potions of might


   Skills:
 + Level 9.0 Fighting
 - Level 11.0 Short Blades
 * Level 15.3 Throwing
 - Level 1.5 Dodging
 + Level 16.0 Stealth


You had 8 spell levels left.
You didn't know any spells.

Dungeon Overview and Level Annotations

Branches:
Dungeon (1/1)

Altars:
Cheibriados
Dithmenos
Elyvilon
Fedhas
Gozag
Kikubaaqudgha
Makhleb
Nemelex Xobeh
Okawaru
Qazlal
Ru
Sif Muna
Trog
Vehumet
Xom
Yredelemnul
Zin
The Shining One
Jiyva

Shops:
D }*[

Annotations:
D exclusion: oklob plant


Innate Abilities, Weirdness & Mutations

You are tiny and cannot use many weapons and most armour.
You have supernaturally acute eyesight.
You are a herbivore.
You cover ground extremely quickly.
You need consume almost no food.


Message History

You hit the demonic crawler but do no damage.
The demonic crawler is severely wounded.
Your ogre hits the demonic crawler with a giant spiked club!
The demonic crawler closely misses you. The demonic crawler hits you.
The demonic crawler closely misses you.
Unknown command.
You hit the demonic crawler but do no damage.
The demonic crawler is severely wounded.
The demonic crawler hits you! The demonic crawler closely misses you.
The demonic crawler hits you.
Your ogre barely misses the demonic crawler.
You barely miss the demonic crawler.
The demonic crawler is severely wounded.
Unknown command.
You hit the demonic crawler but do no damage.
The demonic crawler is severely wounded.
The demonic crawler hits you!
* * * LOW HITPOINT WARNING * * *
The demonic crawler misses you. The demonic crawler hits you!
You die...

#######################
#<.#..@s.#.[').#__#..'.
#..'..#O.'..#.)'^.'..#.
#..#####'#####'#__####.
#.)####..#...#)####§§##
#..#__####..##§#§§§§§#.
#.)#_..__##'#§.'§§§§§'§
#⌠⌠#_.∩...'..._#≈≈§§)#.
####_..._##_.#'##§#####
#_____###'#.#)...###


You could see a demonic crawler and a friendly ogre (berserk).

Vanquished Creatures
  2 centaur warriors (D)
  A deep troll (D)
  2 demonic crawlers (D)
  2 kobold demonologists (D)
  Sonja (D)
  A slime creature (D)
  A yak (D)
  A wasp (D)
  An ogre (D)
  Sigmund (D)
  A jelly (D)
  Ijyb (D)
  A giant eyeball (D)
16 creatures vanquished.

Vanquished Creatures (others)
  A gargoyle (D)
1 creature vanquished.

Grand Total: 17 creatures vanquished

Notes
Turn   | Place    | Note
--------------------------------------------------------------
     0 | D        | mopl, the Spriggan Assassin, began the quest for the Orb.
     0 | D        | Reached XP level 1. HP: 10/10 MP: 2/2
     2 | D        | Noticed Ijyb
    21 | D        | Killed Ijyb
    21 | D        | Reached skill level 6 in Stealth
    21 | D        | Reached XP level 2. HP: 11/16 MP: 4/4
   123 | D        | Noticed an ogre
   139 | D        | Killed an ogre
   139 | D        | Reached skill level 8 in Stealth
   139 | D        | Reached XP level 3. HP: 20/20 MP: 6/6
   139 | D        | Reached XP level 4. HP: 24/24 MP: 8/8
   159 | D        | Noticed Sigmund
   162 | D        | Killed Sigmund
   162 | D        | Reached skill level 5 in Short Blades
   162 | D        | Reached skill level 9 in Stealth
   162 | D        | Reached XP level 5. HP: 27/29 MP: 10/10
   186 | D        | Found a deep blue altar of Sif Muna.
   187 | D        | Noticed a jelly
   188 | D        | Found a radiant altar of Vehumet.
   198 | D        | Killed a jelly
   311 | D        | Found Qapadu's General Store.
   311 | D        | Found a white marble altar of Elyvilon.
   311 | D        | Found a stormy altar of Qazlal.
   311 | D        | Found a burning altar of Makhleb.
   311 | D        | Found a sacrificial altar of Ru.
   311 | D        | Found a basalt altar of Yredelemnul.
   311 | D        | Found a glowing golden altar of the Shining One.
   311 | D        | Found a sparkling altar of Nemelex Xobeh.
   311 | D        | Found a shimmering altar of Xom.
   311 | D        | Found an opulent altar of Gozag.
   311 | D        | Found an ancient bone altar of Kikubaaqudgha.
   311 | D        | Found a glowing silver altar of Zin.
   311 | D        | Noticed a yak
   312 | D        | Found an iron altar of Okawaru.
   313 | D        | Killed a yak
   313 | D        | Reached skill level 5 in Fighting
   313 | D        | Reached skill level 10 in Stealth
   313 | D        | Reached XP level 6. HP: 35/35 MP: 12/12
   314 | D        | Found a bloodstained altar of Trog.
   318 | D        | Became a worshipper of Trog the Wrathful
   325 | D        | Bought a scroll of blinking for 90 gold pieces
   325 | D        | Bought a scroll of remove curse for 36 gold pieces
   325 | D        | Bought 2 potions of might for 96 gold pieces
   325 | D        | Bought a scroll of immolation for 42 gold pieces
   331 | D        | Noticed Sonja
   333 | D        | Killed Sonja
   333 | D        | Acquired Trog's first power
   333 | D        | Reached skill level 10 in Throwing
   333 | D        | Reached skill level 11 in Stealth
   333 | D        | Reached XP level 7. HP: 37/39 MP: 14/14
   353 | D        | Found Agixoix's Gadget Boutique.
   375 | D        | Noticed a deep troll
   386 | D        | Killed a deep troll
   386 | D        | Reached skill level 12 in Throwing
   386 | D        | Reached skill level 13 in Stealth
   386 | D        | Reached XP level 8. HP: 45/45 MP: 16/16
   399 | D        | Found Zoqom's Armour Emporium.
   432 | D        | Found a snail-covered altar of Cheibriados.
   432 | D        | Found a viscous altar of Jiyva.
   432 | D        | Found a shadowy altar of Dithmenos.
   432 | D        | Found a blossoming altar of Fedhas.
   432 | D        | Noticed a slime creature
   555 | D        | Killed a slime creature
   614 | D        | Noticed a kobold demonologist
   615 | D        | Noticed a kobold demonologist
   668 | D        | Killed a kobold demonologist
   668 | D        | Acquired Trog's second power
   673 | D        | Killed a kobold demonologist
   673 | D        | Reached skill level 14 in Stealth
   721 | D        | Noticed a centaur warrior
   721 | D        | Noticed a centaur warrior
   724 | D        | Killed a centaur warrior
   724 | D        | Reached skill level 10 in Short Blades
   724 | D        | Reached XP level 9. HP: 48/51 MP: 18/18
   742 | D        | Killed a centaur warrior
   742 | D        | Reached skill level 15 in Stealth
   980 | D        | Noticed a wasp
   983 | D        | Killed a wasp
   983 | D        | Received a gift from Trog
   996 | D        | Noticed an oklob plant
  1074 | D        | Killed a gargoyle
  1153 | D        | Noticed a demonic crawler
  1153 | D        | Noticed a demonic crawler
  1153 | D        | Noticed a demonic crawler
  1153 | D        | Noticed a demonic crawler
  1155 | D        | Killed a demonic crawler
  1155 | D        | Reached skill level 15 in Throwing
  1156 | D        | Killed a demonic crawler
  1156 | D        | Acquired Trog's third power
  1156 | D        | Reached skill level 16 in Stealth
  1189 | D        | Slain by a demonic crawler

Action                   |  1- 3 |  4- 6 |  7- 9 || total
-------------------------+-------+-------+-------++-------
Melee: Dagger            |     4 |     9 |    56 ||    69
 Fire: Blowgun           |     9 |     1 |     7 ||    17
Invok: Berserk           |       |       |     4 ||     4
       Brothers in Arms  |       |       |     1 ||     1
 Stab: Sleeping          |       |     3 |     4 ||     7
  Eat: Bread ration      |       |       |     1 ||     1
